 Dungeon Crawl Stone Soup version 0.22-a0-571-g4a923d4 (webtiles) character file.

36725 inc the Spry (level 13, 0/60 HPs)
             Began as a Felid Enchanter on July 1, 2018.
             Was a Follower of Uskayaw.
             Slain by an Ice Fiend (10 damage)
             ... in an ice cave.
             The game lasted 02:09:00 (46260 turns).

inc the Spry (Felid Enchanter)                     Turns: 46260, Time: 02:09:01

Health: 0/60       AC:  3    Str:  9    XL:     13   Next: 54%
Magic:  15/26      EV: 31    Int: 28    God:    Uskayaw [*.....]
Gold:   1614       SH:  0    Dex: 17    Spells: 16/28 levels left
                                        Lives:  0   Deaths: 3

rFire    . . .     SeeInvis +     - Unarmed
rCold    + + +     Gourm    .   (shield unavailable)
rNeg     . . .     Faith    +   (armour unavailable)
rPois    .         Spirit   .   (helmet unavailable)
rElec    +         Reflect  .   (cloak unavailable)
rCorr    .         Harm     .   (gloves unavailable)
MR       ++...                  (boots unavailable)
Stlth    ++++++....             i - amulet of faith
HPRegen  0.20/turn              Q - +3 ring of slaying
MPRegen  0.20/turn              y - +5 ring of intelligence

@: mighty, hasted, very quick
A: very small, no armour, no weapons or thrown items, stealth, claws 1, fangs 3,
see invisible, blink, carnivore, cold resistance 2, speed 1, magic resistance 1,
shaggy fur 3, electricity resistance, slow metabolism 1, sharp paws
a: Blink, Stomp, Renounce Religion


You were in an ice cave.
You worshipped Uskayaw.
Uskayaw was aware of your devotion.
You were not hungry.

You visited 6 branches of the dungeon, and saw 29 of its levels.
You also visited: Ice Cave.

You collected 2752 gold pieces.
You spent 1138 gold pieces at shops.

Inventory:

Jewellery
 a - an uncursed ring of stealth
 i - an amulet of faith (around neck)
 m - an uncursed ring of positive energy
 y - a +5 ring of intelligence (right paw)
 C - the ring of Doasot {+Fly rN+ Int-3 Slay+2}
   (You found it on level 3 of the Lair of Beasts)

   [ring of slaying]

   It affects your intelligence (-3).
   It affects your accuracy and damage with ranged weapons and melee attacks
   (+2).
   It protects you from negative energy.
   It lets you fly.
 G - an uncursed ring of protection from magic
 I - an uncursed ring of protection from cold
 O - an uncursed ring of loudness
 P - an uncursed amulet of regeneration
 Q - a +3 ring of slaying (left paw)
 R - a +3 amulet of reflection {unknown}
 S - a -4 ring of evasion
 T - a cursed amulet of inaccuracy
Wands
 e - a wand of flame (78)
 z - a wand of digging (16)
 B - a wand of acid (11)
 F - a wand of clouds (12)
 H - a wand of enslavement (14)
 K - a wand of iceblast (9)
 M - a wand of paralysis (4)
Scrolls
 d - 4 scrolls of fog
 f - 15 scrolls of teleportation
 g - 8 scrolls of amnesia
 h - 16 scrolls of identify
 k - 6 scrolls of enchant armour
 l - 9 scrolls of remove curse
 n - 3 scrolls of fear
 v - a scroll of torment
 w - a scroll of holy word
 x - 2 scrolls of magic mapping
 D - 2 scrolls of immolation
 E - a scroll of random uselessness
 N - 2 scrolls of enchant weapon
Potions
 c - 5 potions of mutation
 j - 4 potions of haste
 o - a potion of lignification
 p - 12 potions of degeneration
 q - a potion of invisibility
 r - 2 potions of agility
 s - 2 potions of might
 t - 2 potions of cancellation
 u - 6 potions of heal wounds
 A - 3 potions of flight
 J - 4 potions of curing
 L - a potion of brilliance
Comestibles
 b - 40 rations


   Skills:
 - Level 9.2 Fighting
 - Level 15.5 Dodging
 - Level 14.2 Stealth
 - Level 8.2 Unarmed Combat
 - Level 8.3 Spellcasting
 - Level 2.8 Conjurations
 - Level 12.3 Hexes
 - Level 3.2 Summonings
 + Level 10.7 Transmutations
 - Level 3.1 Ice Magic
 + Level 8.9 Earth Magic
 - Level 10.8 Invocations


You had 16 spell levels left.
You knew the following spells:

 Your Spells              Type           Power        Failure   Level  Hunger
a - Corona                Hex            ######.      1%          1    None
b - Ensorcelled Hibernat  Hex/Ice        ######       1%          2    None
c - Confuse               Hex            ######..     1%          3    None
d - Dazzling Spray        Conj/Hex       ######       1%          3    None
e - Passwall              Tmut/Erth      ######..     1%          2    None
f - Summon Butterflies    Summ           ####....     1%          1    None

Your spell library contained the following spells:

 Spells                   Type           Power        Failure   Level  Hunger
 Summon Ice Beast         Ice/Summ       ####....     13%         4    #......
 Call Imp                 Summ           ####....     1%          2    None
 Tukima's Dance           Hex            ######..     1%          3    None
 Summon Demon             Summ           ####......   34%         5    ####...
 Stone Arrow              Conj/Erth      #####.       1%          3    None
 Shock                    Conj/Air       ###.         2%          1    None
 Statue Form              Tmut/Erth      ######...    13%         6    ######.
 Shadow Creatures         Summ           N/A          88%         6    ######.
 Call Canine Familiar     Summ           ####....     3%          3    None
 Lee's Rapid Deconstruct  Erth           ######....   3%          5    ####...
 Sandblast                Erth           ######       1%          1    None
 Petrify                  Tmut/Erth      ######..     1%          4    #......
 Summon Hydra             Summ           ####......   100%        7    #######
 Summon Mana Viper        Hex/Summ       ######..     5%          5    ####...
 Borgnjor's Vile Clutch   Necr/Erth      #####.....   22%         5    ####...


Dungeon Overview and Level Annotations

Branches:
Dungeon (15/15)            Temple (1/1) D:6            Lair (6/6) D:8
  Swamp (3/4) Lair:3       Spider (0/4) Lair:2        Slime (0/5) Lair:5
    Orc (2/2) D:10            Elf (2/3) Orc:2        Vaults (0/5) D:13
 Depths (0/5) D:15

Altars:
Ashenzari
Cheibriados
Dithmenos
Elyvilon
Fedhas
Gozag
Hepliaklqana
Kikubaaqudgha
Makhleb
Nemelex Xobeh
Okawaru
Qazlal
Ru
Sif Muna
Trog
Uskayaw
Vehumet
Wu Jian
Xom
Yredelemnul
Zin
The Shining One
Beogh

Shops:
D:10 ?   D:11 !??*[   Orc:1 }   Orc:2 [!([

Annotations:
D:4 Grinder
D:8 Grum
Swamp:1 2 transporters, Goblin1989's ghost, journeyman FeBe


Innate Abilities, Weirdness & Mutations

You cannot wear armour.
You are incapable of wielding weapons or throwing items.
Your paws allow you to move quietly. (Stealth)
You have sharp claws.
You have razor-sharp teeth.
You have supernaturally acute eyesight. (SInv)
You are carnivorous and can eat meat at any time.
You cover ground quickly.
Your thick and shaggy fur keeps you warm. (AC +3, rC+)
You have a slow metabolism.
Your sharp claws are effective at attacking unaware monsters.
You can translocate small distances at will.
Your flesh is very cold resistant. (rC++)
You are resistant to hostile enchantments. (MR+)
You are resistant to electric shocks. (rElec)


Message History

The spray of energy hits the Ice Fiend.
Casting: Dazzling Spray (safe; 1% risk of failure)
Confirm with . or Enter, or press ? or * to list all spells.
Aiming: Dazzling Spray (safe; 1% risk of failure)
Press: ? - help, Shift-Dir - straight line, f/p - Ice Fiend
Aim: an Ice Fiend
Okay, then.
You feel very mighty all of a sudden.
The Ice Fiend calls on the powers of darkness!
Your body is wracked with pain!
You feel yourself speed up.
You barely miss the Ice Fiend. The Ice Fiend closely misses you.
The Ice Fiend completely misses you.
You scratch the Ice Fiend but do no damage.
You mangle the Ice Fiend!!
The Ice Fiend is lightly wounded.
The Ice Fiend claws you!!
* * * LOW HITPOINT WARNING * * *
The Ice Fiend freezes you! You resist.
You die...

####'####
+.......+
###.8...8.#
.'.......+
#.8...8.#
+.......+
#.81..8.#
+..@....+
#'#...#+#
#.#...# ###...#
#...# #
#...#+## #.
##'##44#
#44#...#44###
#.####...####.#


You could see an Ice Fiend.

Vanquished Creatures
  Rupert (Lair:3)
  Gastronok (D:8)
  Roxanne (D:15)
  Aizul (Swamp:1)
  A deep elf sorcerer (Elf:1)
  An orc warlord (Orc:1)
  A very ugly thing (Swamp:3)
  A deep elf death mage (Elf:1)
  Josephine (Orc:2)
  A fire dragon (D:15)
  An ice dragon (D:15)
  6 hydras
  4 centaur warriors
  4 alligators
  3 dancing weapons
  7 two-headed ogres
  2 tengu warriors (D:15)
  2 orc high priests
  Nergalle (Lair:4)
  A deep elf knight (Elf:1)
  2 unseen horrors
  2 spriggan druids
  2 swamp dragons
  A shambling mangrove (Swamp:2)
  Pikel (D:7)
  2 orc knights (Orc:1)
  3 deep elf archers (Elf:1)
  A wolf spider zombie (D:14)
  17 deep elf magi
  An orb spider (Lair:2)
  5 ugly things
  5 orc sorcerers
  5 centaur zombies
  3 black mambas
  11 elephants
  4 cyclopes
  2 ice statues (IceCv)
  15 spiny frogs
  A torpor snail (shapeshifter) (D:12)
  3 gargoyles
  A rime drake (Lair:2)
  An efreet (D:14)
  6 komodo dragons
  5 ice devils (IceCv)
  An anaconda simulacrum (IceCv)
  4 tyrant leeches
  A queen bee (D:12)
  14 trolls
  6 meliai
  2 hornets (Swamp:2)
  3 bog bodies
  19 slime creatures
  13 hippogriffs
  3 blink frogs (Lair:5)
  A vampire (D:14)
  2 shadows
  A water elemental (Elf:1)
  A dire elephant simulacrum (IceCv)
  3 basilisks
  4 wraiths (Orc:2)
  A yak (shapeshifter) (D:14)
  16 yaks
  2 hungry ghosts (D:12)
  A steam dragon (D:10)
  10 vampire mosquitoes
  12 swamp worms
  2 wargs
  Menkaure (D:7)
  A soldier ant (shapeshifter) (D:15)
  An acid dragon (D:15)
  2 hell hounds (Lair:4)
  Duvessa (D:7)
  6 water moccasins
  3 ice beasts
  A hornet zombie (D:8)
  17 porcupines
  42 orc warriors
  4 sky beasts
  2 black bears
  3 eyes of draining
  2 swamp drakes
  A slave (D:7)
  6 phantoms
  14 ogres
  2 necrophages
  3 boggarts (D:10)
  15 centaurs
  12 wolves
  16 crocodiles
  3 big kobolds
  18 bullfrogs
  Dowan (D:7)
  7 scorpions
  42 killer bees
  14 wights
  7 howler monkeys
  A bullfrog zombie (D:13)
  6 crimson imps
  A quasit (D:11)
  2 gnoll shamans
  7 hounds
  30 orc priests
  2 bullfrog skeletons
  7 jellies
  6 centaur skeletons
  8 worker ants
  2 iguanas
  34 orc wizards
  2 hound zombies (D:6)
  A worker ant zombie (D:6)
  A howler monkey zombie (D:7)
  Robin (D:4)
  14 adders
  10 gnolls
  4 shadow imps
  7 oozes
  2 worms
  2 dart slugs
  7 leopard geckos
  144 orcs
  4 giant cockroaches
  16 goblins
  9 hobgoblins
  6 jackals
  A quokka (D:4)
  3 ball pythons
  9 bats
  7 frilled lizards
  A jackal skeleton (D:6)
  A jackal zombie (D:6)
  20 kobolds
  7 rats
894 creatures vanquished.

Vanquished Creatures (collateral kills)
  3 oklob plants (Lair:3)
  A hippogriff (Lair:3)
  2 plants (Lair:3)
6 creatures vanquished.

Vanquished Creatures (others)
  An ice devil (IceCv)
  A killer bee (D:12)
  An orc (D:14)
  13 fungi
  6 plants
  3 withered plants (Swamp:3)
25 creatures vanquished.

Grand Total: 925 creatures vanquished

Notes
Turn   | Place    | Note
-------+----------+-------------------------------------------
     0 | D:1      | inc the Felid Enchanter began the quest for the Orb.
     0 | D:1      | Reached XP level 1. HP: 7/7 MP: 4/4
   327 | D:1      | Reached skill level 1 in Fighting
   385 | D:1      | Reached XP level 2. HP: 8/13 MP: 3/6
   811 | D:2      | Learned a level 2 spell: Ensorcelled Hibernation
  1319 | D:1      | Reached skill level 1 in Ice Magic
  1387 | D:1      | Reached XP level 3. HP: 16/16 MP: 4/7
  1440 | D:1      | You fall through a shaft!
  2268 | D:2      | Gained mutation: You are clumsy. (Dex -2) [potion of mutation]
  2268 | D:2      | Gained mutation: You are resistant to electric shocks. (rElec) [potion of mutation]
  2268 | D:2      | Gained mutation: Your body sometimes deteriorates upon taking damage. [potion of mutation]
  2268 | D:2      | Gained mutation: You can translocate small distances at will. [potion of mutation]
  2295 | D:2      | Lost mutation: Your body sometimes deteriorates upon taking damage. [potion of mutation]
  2295 | D:2      | Lost mutation: You are clumsy. (Dex -2) [potion of mutation]
  2295 | D:2      | Gained mutation: Your flesh is cold resistant. (rC+) [potion of mutation]
  2295 | D:2      | Gained mutation: Your flesh is very cold resistant. (rC++) [potion of mutation]
  2295 | D:2      | Gained mutation: You are resistant to hostile enchantments. (MR+) [potion of mutation]
  2840 | D:2      | Found a faded altar of an unknown god.
  3564 | D:3      | Reached XP level 4. HP: 19/19 MP: 5/8
  3575 | D:3      | Reached skill level 5 in Hexes
  4411 | D:3      | Reached skill level 3 in Dodging
  4619 | D:3      | Learned a level 3 spell: Confuse
  5177 | D:4      | Reached skill level 5 in Stealth
  5177 | D:4      | Reached XP level 5. HP: 22/22 MP: 3/9
  5528 | D:4      | Noticed Robin
  5633 | D:4      | Found a glowing silver altar of Zin.
  5685 | D:4      | Found an iron altar of Okawaru.
  5741 | D:4      | Noticed Grinder
  6209 | D:4      | Killed Robin
  6518 | D:5      | Entered Level 5 of the Dungeon
  6645 | D:5      | Noticed a centaur
  6653 | D:5      | Gained mutation: You are covered in thick fur. (AC +2) [Felid growth]
  6653 | D:5      | Reached XP level 6. HP: 20/26 MP: 10/10
  7991 | D:5      | Reached XP level 7. HP: 30/30 MP: 5/11
  8289 | D:5      | Found a shadowy altar of Dithmenos.
  8290 | D:5      | Found an ornate altar of the Wu Jian Council.
  8292 | D:5      | Found a snail-covered altar of Cheibriados.
  8295 | D:5      | Found a sparkling altar of Nemelex Xobeh.
  8336 | D:6      | Found a staircase to the Ecumenical Temple.
  8337 | D:6      | Noticed an unseen horror
  8371 | Temple   | Entered the Ecumenical Temple
  8480 | Temple   | Became a worshipper of Uskayaw the Reveler
  8557 | D:6      | Reached * piety under Uskayaw
  8561 | D:6      | Reached ** piety under Uskayaw
  8861 | D:6      | Reached skill level 4 in Dodging
  9143 | D:6      | Killed an unseen horror
  9143 | D:6      | Reached skill level 8 in Dodging
  9143 | D:6      | Reached XP level 8. HP: 32/33 MP: 2/12
  9143 | D:6      | Reached *** piety under Uskayaw
  9498 | D:6      | Reached skill level 9 in Dodging
  9654 | D:6      | Found a glowing golden altar of the Shining One.
  9840 | D:7      | Noticed Dowan
  9840 | D:7      | Noticed Duvessa
 10214 | D:7      | Learned a level 3 spell: Dazzling Spray
 10704 | D:7      | Reached skill level 1 in Conjurations
 10885 | D:7      | Noticed Pikel
 11071 | D:7      | HP: 1/33 [orc priest/divine providence (15)]
 11406 | D:7      | Noticed Menkaure
 11773 | D:7      | Killed Menkaure
 11773 | D:7      | Reached **** piety under Uskayaw
 12075 | D:8      | Noticed a two-headed ogre
 12139 | D:7      | Reached skill level 5 in Fighting
 12139 | D:7      | Reached XP level 9. HP: 33/40 MP: 2/13
 12398 | D:8      | Noticed Gastronok
 12536 | D:8      | Found a staircase to the Lair.
 13072 | D:8      | Reached skill level 1 in Invocations
 13510 | D:8      | Killed a two-headed ogre
 13510 | D:8      | Reached skill level 5 in Invocations
 13704 | D:9      | Noticed a two-headed ogre
 13746 | D:10     | Entered Level 10 of the Dungeon
 13746 | D:10     | Found Qamom's Magic Scroll Boutique.
 13779 | D:10     | Reached skill level 10 in Hexes
 13839 | D:10     | Bought a scroll of teleportation for 39 gold pieces
 13839 | D:10     | Bought 3 scrolls of identify for 78 gold pieces
 13839 | D:10     | Bought a scroll of identify for 26 gold pieces
 13839 | D:10     | Bought 3 scrolls of magic mapping for 136 gold pieces
 13929 | D:9      | Reached XP level 10. HP: 45/45 MP: 11/15
 14061 | D:9      | Reached ***** piety under Uskayaw
 14620 | D:7      | Killed Pikel
 14969 | D:9      | Noticed a two-headed ogre
 15038 | D:9      | HP: 2/45 [two-headed ogre/giant club (15)]
 15701 | D:8      | Learned a level 2 spell: Passwall
 15803 | D:8      | Noticed Grum
 16169 | D:7      | Killed Duvessa
 16387 | D:7      | Killed Dowan
 16670 | D:9      | Reached skill level 5 in Spellcasting
 16983 | D:9      | Killed a two-headed ogre
 17230 | D:9      | Killed a two-headed ogre
 17359 | D:9      | Reached XP level 11. HP: 48/48 MP: 20/22
 19105 | D:10     | Found a staircase to the Orcish Mines.
 19511 | D:11     | Found Luraczul's Magic Scroll Boutique.
 19514 | D:11     | Bought a scroll of identify for 26 gold pieces
 19514 | D:11     | Bought a scroll of identify for 26 gold pieces
 19514 | D:11     | Bought a scroll of identify for 26 gold pieces
 19514 | D:11     | Bought a scroll of random uselessness for 13 gold pieces
 19580 | D:11     | Found Zaexirr's Magic Scroll Boutique.
 19592 | D:11     | Bought a scroll of blinking for 112 gold pieces
 19892 | D:11     | Found Zulyuwin's Assorted Antiques.
 19944 | D:11     | Reached skill level 5 in Unarmed Combat
 20237 | D:11     | Found Vopu's Distillery.
 20681 | D:11     | Found Huanirol's Antique Armour Emporium.
 20948 | D:12     | Noticed a two-headed ogre
 21063 | D:12     | Killed a two-headed ogre
 21743 | D:12     | Noticed a deep elf mage
 21747 | D:12     | Killed a deep elf mage
 22151 | D:12     | Gained mutation: Your thick and shaggy fur keeps you warm. (AC +3, rC+) [Felid growth]
 22151 | D:12     | Reached XP level 12. HP: 26/52 MP: 5/25
 22464 | D:12     | Noticed a fire giant
 22681 | Lair:1   | Entered Level 1 of the Lair of Beasts
 22692 | Lair:1   | Reached skill level 10 in Stealth
 23510 | Lair:2   | Found a hole to the Spider Nest.
 24618 | Lair:2   | You fall through a shaft!
 24807 | Lair:3   | Noticed a seven-headed hydra
 25133 | Lair:3   | Noticed Rupert
 25143 | Lair:3   | Killed Rupert
 25165 | Lair:3   | Got a pitted bone ring
 25478 | Lair:3   | Found a staircase to the Swamp.
 25592 | Lair:4   | Identified the ring of Doasot {+Fly rN+ Int-3 Slay+2} (You found it on level 3 of the Lair of Beasts)
 25604 | Lair:4   | Found a dark tunnel.
 25697 | Lair:4   | Noticed a four-headed hydra
 25700 | Lair:4   | Noticed Nergalle
 25705 | Lair:4   | Reached XP level 13. HP: 46/59 MP: 15/26
 26717 | Lair:4   | Killed Nergalle
 26948 | Lair:4   | Found a white marble altar of Elyvilon.
 27180 | Lair:5   | Found a staircase to the Slime Pits.
 27582 | Lair:5   | Reached skill level 10 in Invocations
 28435 | Lair:5   | Learned a level 1 spell: Summon Butterflies
 28748 | Lair:6   | Entered Level 6 of the Lair of Beasts
 28845 | D:8      | Killed Gastronok
 28998 | D:11     | Bought a scroll of blinking for 112 gold pieces
 29779 | D:13     | Reached skill level 10 in Dodging
 29794 | D:13     | Found a glowing silver altar of Zin.
 30102 | D:13     | Reached XP level 14. HP: 22/64 MP: 9/27
 30532 | D:13     | Reached skill level 11 in Dodging
 30817 | D:13     | Found a gate to the Vaults.
 31270 | D:13     | Reached skill level 12 in Dodging
 32493 | D:14     | Reached skill level 13 in Dodging
 33582 | D:15     | Entered Level 15 of the Dungeon
 33597 | D:15     | Reached skill level 14 in Dodging
 33611 | D:15     | Noticed Roxanne
 33618 | D:15     | Killed from afar by Roxanne
 33619 | D:15     | Reached XP level 13. HP: -9/60 MP: 26/26
 34094 | D:15     | Reached skill level 15 in Dodging
 34246 | D:15     | Noticed a fire dragon
 34251 | D:15     | Found a staircase to the Depths.
 34253 | D:15     | Killed a fire dragon
 34372 | D:15     | Reached skill level 1 in Transmutations
 34372 | D:15     | Reached skill level 1 in Earth Magic
 35110 | Orc:1    | Entered Level 1 of the Orcish Mines
 35729 | Orc:1    | Found Ilanlez's Gadget Emporium.
 35843 | Orc:1    | Noticed an orc warlord
 35857 | Orc:1    | You fall through a shaft!
 35857 | Orc:2    | Entered Level 2 of the Orcish Mines
 36044 | Orc:2    | Noticed Josephine
 36085 | Orc:2    | Reached XP level 14. HP: 44/64 MP: 9/27
 36183 | Orc:2    | Killed Josephine
 36348 | Orc:2    | Found a roughly hewn altar of Beogh.
 36476 | Orc:2    | Found Ozafeuskan's Armour Boutique.
 38310 | Orc:2    | Found a staircase to the Elven Halls.
 38439 | Orc:1    | Killed an orc warlord
 38439 | Orc:1    | Reached skill level 5 in Transmutations
 38584 | Orc:2    | Reached ****** piety under Uskayaw
 38780 | Orc:2    | Noticed an orc warlord
 39248 | Orc:2    | Found Hoogh's Antique Weapon Emporium.
 39249 | Orc:2    | Found a roughly hewn altar of Beogh.
 39252 | Orc:2    | Found Abor's Antique Armour Shoppe.
 39483 | Orc:2    | Found a roughly hewn altar of Beogh.
 39484 | Orc:2    | Found Yczunas's Distillery.
 39557 | Orc:2    | Bought a potion of might for 64 gold pieces
 39557 | Orc:2    | Bought a potion of heal wounds for 80 gold pieces
 39557 | Orc:2    | Bought a potion of heal wounds for 80 gold pieces
 39557 | Orc:2    | Bought a potion of haste for 160 gold pieces
 39557 | Orc:2    | Bought a potion of heal wounds for 80 gold pieces
 39557 | Orc:2    | Bought a potion of heal wounds for 80 gold pieces
 39582 | Orc:2    | Found a roughly hewn altar of Beogh.
 39663 | Orc:2    | Reached skill level 5 in Earth Magic
 39918 | Orc:2    | Found a roughly hewn altar of Beogh.
 40899 | D:15     | Killed Roxanne
 40900 | D:15     | Identified Roxanne's Grimoire of the Rocks (You took it off Roxanne on level 15 of the Dungeon)
 41127 | Elf:1    | Entered Level 1 of the Elven Halls
 41879 | Elf:1    | Noticed a deep elf sorcerer
 41886 | Elf:1    | Killed a deep elf sorcerer
 41887 | Elf:1    | Identified the Volume of Creative Battle Magic
 43206 | Swamp:1  | Entered Level 1 of the Swamp
 43210 | Swamp:1  | Noticed Aizul
 43224 | Swamp:1  | Killed Aizul
 43224 | Swamp:1  | Reached XP level 15. HP: 67/67 MP: 28/28
 43533 | Swamp:1  | Found a transporter.
 43549 | Swamp:1  | Found a transporter.
 43550 | Swamp:1  | Noticed Goblin1989's ghost (journeyman FeBe)
 44402 | Swamp:2  | Reached skill level 10 in Transmutations
 45474 | Swamp:3  | Killed from afar by a spriggan druid
 45475 | Swamp:3  | Reached XP level 14. HP: -4/64 MP: 21/27
 45499 | Swamp:3  | HP: 1/64 [some deep water collision[a spriggan druid] (13)]
 45500 | Swamp:3  | Mangled by an alligator
 45501 | Swamp:3  | Reached XP level 13. HP: -10/60 MP: 21/26
 45501 | Swamp:3  | Found a frozen archway.
 45510 | IceCv    | Entered an ice cave
 46250 | IceCv    | Noticed an Ice Fiend
 46260 | IceCv    | Slain by an Ice Fiend

Vault maps used:
D:1:      nicolae_arrival_memento_mori
D:2:      chequers_ecumenical_altar_simple, minmay_strange_pillars
D:3:      kennysheep_big_empty_room
D:4:      zin_academy, okawaru_trees_2, uniq_grinder, uniq_robin
D:5:      minitemple, first_ration
D:6:      kennysheep_mini, minmay_temple_entry_statues
D:7:      uniq_pikel, uniq_duvessa, uniq_menkaure
D:8:      lair_entry_dummy, uniq_grum, uniq_psyche, uniq_gastronok
D:10:     erik_orc_1, serial_shops, shop
D:11:     serial_shops, nicolae_shop_temple_entry_statues_fountains,
          nicolae_shop_behind_doors, nicolae_shop_trees,
          nicolae_shop_waterfront, kennysheep_mini_moat
D:12:     regret_index_combs_of_tragedy
D:13:     erik_vaults_1, basic_altar
D:14:     minmay_crystal_room, hangedman_little_slice_of_home
D:15:     grunt_enter_depths_hoard, uniq_roxanne
Temple:   kb_temple_of_zot
Lair:2:   nicolae_spider_entry_orb_guardian, beast_lair_carwin_10,
          grunt_megastairs_2
Lair:3:   minmay_swamp_entry_worms, minmay_lair_oklob_chamber, uniq_rupert
Lair:4:   wad_woods_stonehenge, enter_volcano_3, lemuel_fruit_fields,
          uniq_nergalle
Lair:5:   minmay_slime_entry_pillars, st_stairs_4
Lair:6:   due_jungle_book, grunt_megastairs_1
Swamp:1:  gammafunk_ghost_mausoleum, serial_swamp_ruin,
          evilmike_swamp_ruin_rubble_2, evilmike_swamp_ruin_house_5,
          evilmike_swamp_ruin_rubble_1, swamp_pool1, hangedman_swamp_lotus,
          uniq_aizul
Swamp:2:  evilmike_swamp_ruin_wall
Swamp:3:  ebering_ghost_funeral_grove, portal_ice_cave_entry_pillars_three,
          infiniplex_staircase_pool_2, swamp_pool1
Orc:1:    cheibrodos_orc_arena, serial_shops, nicolae_shop_behind_doors
Orc:2:    grunt_orc_community_town_hall, grunt_orc_community_big_house_1,
          grunt_orc_community_big_house_2, grunt_orc_community_house_3,
          grunt_orc_community_house_1, grunt_orc_community_house_2,
          grunt_orc_community_house_1, grunt_orc_community_house_3,
          uniq_josephine
Elf:1:    minmay_elf_sorcery
Elf:2:    serial_glass, glass_columns_b, glass_columns_a, item_on_display_a,
          minmay_strange_pillars, feat_on_display, grunt_ministairs_1,
          basic_stair_grate_trap, uniq_nikola
IceCv:    ice_cave_tombish

Skill      XL: |  1  2  3  4  5  6  7  8  9 10 11 12 13 14 15 |
---------------+----------------------------------------------+-----
Fighting       | 1 2 5 8 9 |  9.2
Ice Magic      | 1 2 3 |  3.1
Hexes          | 5 8 10 12 | 12.3
Dodging        | 3 8 9 15 14 | 15.5
Stealth        | 5 6 9 14 | 14.2
Conjurations   | 1 2 |  2.8
Unarmed Combat | 2 8 |  8.2
Invocations    | 5 10 | 10.8
Spellcasting   | 7 8 |  8.3
Summonings     | 3 |  3.2
Transmutations | 3 9 10 | 10.7
Earth Magic    | 2 7 8 |  8.9

Action                   |  1- 3 |  4- 6 |  7- 9 | 10-12 | 13-15 || total
-------------------------+-------+-------+-------+-------+-------++-------
Melee: Unarmed           |   137 |   156 |   223 |   411 |   696 ||  1623
       Bite              |     8 |    10 |    17 |    20 |    39 ||    94
       Punch             |     1 |     2 |     2 |     6 |    12 ||    23
 Cast: Corona            |     3 |       |       |       |       ||     3
       Ensorcelled Hiber |    58 |    69 |   106 |   236 |   364 ||   833
       Confuse           |       |    15 |     9 |    22 |    45 ||    91
       Dazzling Spray    |       |       |    30 |   145 |   346 ||   521
       Passwall          |       |       |       |       |     2 ||     2
Invok: Stomp             |       |       |       |     3 |       ||     3
       Line Pass         |       |       |       |     2 |       ||     2
 Abil: Blink             |       |       |       |       |     1 ||     1
Evoke: Wand              |       |       |       |       |     4 ||     4
  Use: Potion            |     5 |       |     1 |     1 |    13 ||    20
       Scroll            |       |     3 |    10 |    10 |     9 ||    32
 Stab: Sleeping          |    30 |    45 |    56 |   160 |   239 ||   530
       Confused          |       |    11 |     7 |     7 |    19 ||    44
       Invisible         |       |       |     4 |     7 |    25 ||    36
       Paralysed         |       |       |     9 |    18 |    85 ||   112
       Distracted        |       |       |       |       |     2 ||     2
  Eat: Chunk             |     7 |    19 |    22 |    31 |    36 ||   115
       Ration            |     1 |       |       |       |     1 ||     2
Armor: Skin              |     9 |     3 |     7 |     9 |    57 ||    85
Dodge: Dodged            |   106 |   105 |   190 |   448 |   654 ||  1503

Table legend:
 A = Spawn XP
 B = Non-spawn XP
 C = Spawn XP percentage of total XP
 D = Spawn monster count
 E = Non-spawn monster count
 F = Spawn count percentage of total count
 G = Total turns spent on level
                    A         B        C        D         E        F      G
               +---------+---------+-------+---------+---------+-------+---------
         Total |       0 |  158369 |   0.0 |       0 |     898 |   0.0 | 46260
               +---------+---------+-------+---------+---------+-------+---------
           D:1 |       0 |      32 |   0.0 |       0 |      19 |   0.0 |  1421
           D:2 |       0 |      56 |   0.0 |       0 |      21 |   0.0 |  1906
           D:3 |       0 |      57 |   0.0 |       0 |      24 |   0.0 |  1837
           D:4 |       0 |     217 |   0.0 |       0 |      21 |   0.0 |  1354
           D:5 |       0 |     505 |   0.0 |       0 |      12 |   0.0 |  2058
           D:6 |       0 |    1079 |   0.0 |       0 |      15 |   0.0 |  1798
           D:7 |       0 |    2024 |   0.0 |       0 |      25 |   0.0 |  2964
           D:8 |       0 |    4552 |   0.0 |       0 |      27 |   0.0 |  2026
           D:9 |       0 |    4362 |   0.0 |       0 |      40 |   0.0 |  2827
          D:10 |       0 |    3539 |   0.0 |       0 |      44 |   0.0 |  1880
          D:11 |       0 |    3332 |   0.0 |       0 |      37 |   0.0 |  2042
          D:12 |       0 |   11530 |   0.0 |       0 |      79 |   0.0 |  2577
          D:13 |       0 |   10964 |   0.0 |       0 |      62 |   0.0 |  2320
          D:14 |       0 |    9461 |   0.0 |       0 |      42 |   0.0 |  2132
          D:15 |       0 |   13622 |   0.0 |       0 |      24 |   0.0 |  1218
        Lair:1 |       0 |    2160 |   0.0 |       0 |       9 |   0.0 |   714
        Lair:2 |       0 |    4166 |   0.0 |       0 |      20 |   0.0 |  1259
        Lair:3 |       0 |    8126 |   0.0 |       0 |      25 |   0.0 |  1600
        Lair:4 |       0 |    8667 |   0.0 |       0 |      35 |   0.0 |  1201
        Lair:5 |       0 |   10968 |   0.0 |       0 |      37 |   0.0 |  1420
       Swamp:1 |       0 |    6438 |   0.0 |       0 |      15 |   0.0 |   663
       Swamp:2 |       0 |    9504 |   0.0 |       0 |      27 |   0.0 |  1287
       Swamp:3 |       0 |    5318 |   0.0 |       0 |      10 |   0.0 |   354
         Orc:1 |       0 |    9062 |   0.0 |       0 |      94 |   0.0 |  2256
         Orc:2 |       0 |    9873 |   0.0 |       0 |     101 |   0.0 |  2464
         Elf:1 |       0 |   15253 |   0.0 |       0 |      23 |   0.0 |  1660
         IceCv |       0 |    3502 |   0.0 |       0 |      10 |   0.0 |   750
               +---------+---------+-------+---------+---------+-------+---------
